 Dungeon Crawl Stone Soup version 0.26.0-16-gc1dbca0489 (webtiles) character file.

Game seed: 12184005457616231626

79 Gauvater the Firebug (level 4, 0/27 HPs)
             Began as an Octopode Fire Elementalist on Jan 19, 2021.
             Slain by a gnoll
             ... wielding a +0 spear of venom
              (7 damage)
             ... on level 2 of the Dungeon.
             The game lasted 00:11:14 (2294 turns).

Gauvater the Firebug (Octopode Fire Elementalist)   Turns: 2294, Time: 00:11:14

Health: 0/27       AC:  1    Str:  7    XL:     4   Next: 37%
Magic:  7/7        EV: 13    Int: 18    God:
Gold:   50         SH:  0    Dex: 12    Spells: 7/8 levels left

rFire    . . .     SeeInvis .   j - +0 short sword (venom)
rCold    . . .     Faith    .   (no shield)
rNeg     . . .     Spirit   .   (helmet restricted)
rPois    +         Reflect  .   (no amulet)
rElec    .         Harm     .   c - ring of poison resistance
rCorr    .         Rampage  .   (no ring)
Will     .....                  (no ring)
Stlth    +++.......             (no ring)
HPRegen  0.09/turn              (no ring)
MPRegen  0.10/turn              (no ring)
                                (no ring)
                                (no ring)

@: lethally poisoned (0 -> -6)
A: almost no armour, stealthy swim, amphibious, 8 rings, constrict 8, camouflage
1, gelatinous body 1
a: no special abilities


You were on level 2 of the Dungeon.
You visited 1 branch of the dungeon, and saw 2 of its levels.

You collected 50 gold pieces.

Inventory:

Hand Weapons
 j - a +0 short sword of venom (weapon)
Missiles
 a - 23 poisoned darts
 b - 13 arrows
 d - 73 stones
 e - 48 bolts
Jewellery
 c - a ring of poison resistance (left tentacle)
Scrolls
 f - a scroll of fog {unknown}
 g - a scroll of blinking {unknown}
 h - a scroll of amnesia {unknown}
 i - a scroll of magic mapping {unknown}
Potions
 k - a potion of lignification {unknown}


   Skills:
 + Level 0.3 Throwing
 + Level 2.4 Dodging
 + Level 3.2 Stealth
 + Level 0.3 Unarmed Combat
 + Level 2.5 Spellcasting
 + Level 1.4 Conjurations
 + Level 3.9 Fire Magic


You had 7 spell levels left.
You knew the following spells:

 Your Spells              Type           Power        Failure   Level
a - Foxfire               Conj/Fire      44%          6%          1

Your spell library contained the following spells:

 Spells                   Type           Power        Failure   Level
 Conjure Flame            Conj/Fire      11%          17%         3
 Inner Flame              Hex/Fire       9%           22%         3
 Sticky Flame             Conj/Fire      11%          50%         4
 Fireball                 Conj/Fire      5%           85%         5


Dungeon Overview and Level Annotations

Branches:
Dungeon (2/15)

Altars:


Innate Abilities, Weirdness & Mutations

You cannot wear most types of armour.
You are very stealthy in the water. (Stealth+)
You are amphibious.
You can wear up to eight rings at the same time.
You can use your tentacles to constrict eight enemies at once.
Your skin changes colour to match your surroundings (Stealth+).
Your rubbery body absorbs attacks. (AC +1, EV +1)


Message History

You see here a whip.
The rat twitches its whiskers.
The rat barely misses you. The rat barely misses you.
The gnoll barely misses you. The rat bites you. The gnoll closely misses you.
The rat bites you.
The gnoll hits you from afar with a +0 spear of venom.
You are poisoned.
The rat completely misses you.
You feel sick. The gnoll hits you but does no damage. The rat bites you.
You feel sick. The gnoll hits you but does no damage. The rat bites you.
You feel sick. The gnoll closely misses you. The rat closely misses you.
You feel sick. The gnoll closely misses you. The rat bites you.
The gnoll hits you from afar with a +0 spear of venom!
* * * LOW HITPOINT WARNING * * *
The rat closely misses you.
* * * LOW HITPOINT WARNING * * *
You feel sick.
The gnoll hits you from afar with a +0 spear of venom!
You die...

#..#######################.#
#...g......................#
#.########################..
#.##### ##. #.....# #.
#.....# #####. #.....#######
#..... #........gr.# #.....
##....#####@# #..... #....#
#.# #..... #....# #.# #.....
###### #.# #..... #.# #.....
#.# #..... #.# ###### #.#
#.#


You could see a gnoll and a rat.

Vanquished Creatures
  A gnoll (D:2)
  2 adders (D:2)
  An ooze (D:2)
  4 dart slugs
  3 leopard geckos
  A giant cockroach (D:1)
  2 goblins
  6 hobgoblins
  5 bats
  2 frilled lizards (D:2)
  5 kobolds
  5 rats
37 creatures vanquished.

Vanquished Creatures (others)
  71 foxfires
71 creatures vanquished.

Grand Total: 108 creatures vanquished

Notes
Turn   | Place    | Note
-------+----------+-------------------------------------------
     0 | D:1      | Gauvater the Octopode Fire Elementalist began the quest for
                  | the Orb.
     0 | D:1      | Reached XP level 1. HP: 11/11 MP: 3/3
   121 | D:1      | Reached XP level 2. HP: 16/17 MP: 0/5
   575 | D:1      | Reached XP level 3. HP: 21/21 MP: 3/6
  1694 | D:2      | Reached XP level 4. HP: 3/27 MP: 5/7
  1705 | D:2      | HP: 1/27 [gnoll/+0 spear (3)]
  2294 | D:2      | Slain by a gnoll

Illustrated notes

Levels and vault maps discovered:
D:1:      saegor_arrival_simple_c, layout_rooms, minmay_pentomino_t4
D:2:      layout_basic, nicolae_ru_path_of_blood

Skill      XL: |  1 |
---------------+----+-----
Stealth        | 3 |  3.2
Throwing       | |  0.3
Dodging        | |  2.4
Unarmed Combat | |  0.3
Spellcasting   | |  2.5
Conjurations   | |  1.4
Fire Magic     | |  3.9

Action                   |  1- 3 |  4- 6 || total
-------------------------+-------+-------++-------
Melee: Unarmed           |    20 |       ||    20
       Constrict         |    16 |     1 ||    17
       Tentacles         |     5 |       ||     5
       Short sword       |    13 |     8 ||    21
Throw: Dart              |     6 |       ||     6
 Cast: Foxfire           |    42 |     4 ||    46
 Stab: Sleeping          |     2 |     2 ||     4
Armor: Skin              |     2 |       ||     2
Dodge: Dodged            |    38 |    17 ||    55
